 Dungeon Crawl Stone Soup version 0.30-a0-956-gcec3b41aec (webtiles) character file.

Game seed: 2411866949782908263

22 kae the Ruffian (level 2, -2/25 HPs)
             Began as a Naga Transmuter on Mar 29, 2023.
             Slain by Natasha (7 damage)
             ... on level 2 of the Dungeon.
             The game lasted 00:00:55 (1073 turns).

kae the Ruffian (Naga Transmuter)                   Turns: 1073, Time: 00:00:55

Health: -2/25      AC:  2    Str: 12    XL:     2   Next: 91%
Magic:  5/5        EV:  9    Int: 13    God:
Gold:   63         SH:  0    Dex: 11    Spells: 2/5 levels left

rFire   . . .      SeeInvis +      - Unarmed
rCold   . . .      Faith    .    (no shield)
rNeg    . . .      Spirit   .    a - +0 robe
rPois   +          Reflect  .    (no helmet)
rElec   .          Rampage  .    e - +0 cloak
rCorr   .                        (no gloves)
Will    .....                    (no barding)
Stlth   +                        A - amulet of the acrobat
HPRegen 0.24/turn                (no ring)
MPRegen 0.09/turn                (no ring)

@: very slow
A: AC +0, large, see invisible, deformed body, poison resistance, slowness 2,
spit poison 1, naga tail 1
a: Spit Poison


You were on level 2 of the Dungeon.
You visited 1 branch of the dungeon, and saw 2 of its levels.

You collected 63 gold pieces.


Innate Abilities, Weirdness & Mutations

Your serpentine skin is tough. (AC +0)
You have supernaturally acute eyesight. (SInv)
Armour fits poorly on your strangely shaped body.
Your system is resistant to poisons. (rPois)
You cover ground very slowly.
You can spit poison.
You have a snake-like lower body.


   Skills:
 - Level 1.0 Fighting
 - Level 1.5 Dodging
 + Level 3.2 Unarmed Combat
 + Level 2.2 Spellcasting
 * Level 2.7 Transmutations


You had 2 spell levels left.
You knew the following spells:

 Your Spells              Type           Power      Damage    Failure   Level
a - Beastly Appendage     Tmut           16%        N/A       9%          1
b - Wereblood             Tmut           8%         N/A       12%         2

Your spell library contained the following spells:

 Spells                   Type           Power      Damage    Failure   Level
 Spider Form              Tmut/Pois      5%         N/A       38%         3
 Ice Form                 Ice/Tmut       5%         N/A       80%         4

Inventory:

Missiles
 c - 14 stones
Armour
 a - a +0 robe (worn)
 e - a +0 cloak (worn)
   (You found it on level 1 of the Dungeon)
Jewellery
 A - an amulet of the acrobat (around neck)
   (You found it on level 1 of the Dungeon)
Scrolls
 d - a scroll of enchant armour {unknown}
 h - a scroll of fear {unknown}
Potions
 b - 2 potions of lignification {!q}
 f - a potion of might {unknown}
 g - a potion of haste {unknown}

Dungeon Overview and Level Annotations

Branches:
Dungeon (2/15) Zot: 10588

Altars:

Annotations:
D:2 Natasha

........#.# #.# .. ...##
##.#.######..
~###...###............
...#.........#######. ≈
⌠.#..###.##.# #. ≈≈ .#..
#.##.#######. ≈≈≈###..#
#.##.........
≈≈≈≈..5h####..#########.
≈≈≈≈...@.....#)..... #.
≈≈~###..###.###.###. #.
#...#..#.## #.. ..
#.⌠.#.....# ### ## #..
#.####.# .~###..# #.#
... ..... ... #. ###...
### ####


You could see an iron imp (summoned) and Natasha.


Message History

You kill the quokka!
Your transformation is almost over. 😕 HP[-3]
You take 3 damage, and now have 20/25 hp.
A hobgoblin comes into view.
The hobgoblin shouts! 😕 HP[+1] MP[+1]
Your mp is fully restored (5).
A hobgoblin is nearby!
A hobgoblin is nearby!
Casting: Beastly Appendage (safe; 9% risk of failure)
Confirm with . or Enter, or press ? or * to list all spells.
You miscast Beastly Appendage.
You are very lightly contaminated with residual magic.
Nothing appears to happen.
Magical energy flows into your mind! The hobgoblin hits you. 😮 HP[-3]
You take 3 damage, and now have 18/25 hp.
The splash of poison misses the hobgoblin.
The hobgoblin barely misses you. 😕 HP[+1] Unknown command.
A hobgoblin is nearby!
You closely miss the hobgoblin. Your headbutt misses the hobgoblin.
The hobgoblin completely misses you.
You hit the hobgoblin.
Your horns disappear.
A hobgoblin is nearby!
You hit the hobgoblin. You punch the hobgoblin. The hobgoblin hits you.
You are too injured to fight recklessly! 😮 HP[-2]
You take 2 damage, and now have 17/25 hp.
A hobgoblin is nearby!
You are too injured to fight recklessly!
You are too injured to fight recklessly!
A hobgoblin is nearby!
A hobgoblin is nearby!
Unknown command.
You hit the hobgoblin.
You kill the hobgoblin! 😮 HP[+1]
You have got your breath back.
Your magical contamination has completely faded away.
Unknown command.
You now have 47 gold pieces (gained 9).
You now have 63 gold pieces (gained 16).
h - a scroll labelled AJIEGU WEPTE 😎 HP[+7]
Your hp is fully restored (25).
Natasha, Servant of Life and Death comes into view.
Natasha hisses angrily.
Natasha casts a spell at you. You resist with significant effort.
Natasha is nearby!
Natasha is nearby!
Casting: Beastly Appendage (safe; 9% risk of failure)
Confirm with . or Enter, or press ? or * to list all spells.
You grow a pair of large bovine horns.
Natasha stares at you and mumbles some strange words.
You resist with significant effort.
Natasha mumbles some strange words.
You feel troubled. 😎 MP[-1]
You lost 1 mp, and now have 4/5 mp.
Your transformation is almost over.
Natasha stares at you and mumbles some strange words.
You resist with significant effort.
The splash of poison misses Natasha.
Natasha casts a spell at you. You resist with significant effort.
You hit Natasha.
Natasha mumbles some strange words.
You hit Natasha but do no damage. Natasha completely misses you.
You hit Natasha. Your headbutt misses Natasha. Natasha claws you!
You are too injured to fight recklessly! 😮 HP[-8]
You take 8 damage, and now have 17/25 hp.
MASSIVE DAMAGE!! (PAUSE)
You barely miss Natasha.
You have got your breath back.
Natasha barely misses you.
Unknown command.
You barely miss Natasha. Natasha closely misses you.
You closely miss Natasha. Your punch misses Natasha. The iron imp misses you.
Natasha casts a spell at you. The magic dart hits you.
* * * LOW HITPOINT WARNING * * *
Unknown command. 😨 HP[-5] MP[+1]
You take 5 damage, and now have 12/25 hp.
Your mp is fully restored (5).
You hit Natasha but do no damage. The iron imp hits you!
* * * LOW HITPOINT WARNING * * *
😱 HP[-7]
You take 7 damage, and now have 5/25 hp.
MASSIVE DAMAGE!! (PAUSE)
You hit Natasha but do no damage. Your headbutt misses Natasha.
Your horns disappear.
Natasha claws you!
You die...

Action                     || total
---------------------------++-------
  Melee: Unarmed           ||    49
         Headbutt          ||     5
         Punch             ||     2
  Throw: Stone             ||     1
   Cast: Beastly Appendage ||    13
         Wereblood         ||     1
Ability: Spit Poison       ||    11
    Use: Scroll            ||     2
 Armour: Robe              ||    15
  Dodge: Dodged            ||    60

Levels and vault maps discovered:
D:1:      nagdon_arrival_zigzag_paths, layout_basic
D:2:      layout_loops_ring, fountainhead, uniq_terence, uniq_natasha,
          uniq_jessica

Notes
Turn   | Place    | Note
-------+----------+-------------------------------------------
     0 | D:1      | kae the Naga Transmuter began the quest for the Orb.
     0 | D:1      | Reached XP level 1. HP: 18/18 MP: 3/3
     0 | D:1      | magus.rc [v1.11.3]
   574 | D:1      | Reached XP level 2. HP: 21/25 MP: 3/5
   848 | D:1      | Learned a level 2 spell: Wereblood
  1060 | D:2      | Noticed Natasha
  1072 | D:2      | HP: 5/25 [iron imp[Natasha] (8)]
  1073 | D:2      | Slain by Natasha

Vanquished Creatures
  A worm (D:2)
  4 bats
  2 endoplasms (D:1)
  A goblin (D:2)
  A hobgoblin (D:2)
  3 jackals (D:2)
  A quokka (D:2)
  A ball python (D:1)
  2 frilled lizards (D:2)
  A rat (D:1)
17 creatures vanquished.

Table legend:
 A = Non-vault XP
 B = Vault XP
 C = Vault XP percentage of total XP
 D = Non-vault monster count
 E = Vault monster count
 F = Vault count percentage of total count
                 A         B        C        D         E       F
            +---------+---------+-------+---------+---------+-------
      Total |      32 |       0 |   0.0 |      17 |       0 |   0.0
            +---------+---------+-------+---------+---------+-------
        D:1 |      11 |       0 |   0.0 |       7 |       0 |   0.0
        D:2 |      21 |       0 |   0.0 |      10 |       0 |   0.0
            +---------+---------+-------+---------+---------+-------

Illustrated notes

Table legend:
 A = Kills in this place as a percentage of kills in the entire game.
 B = Kills by you in this place as a percentage of kills by you in the entire game.
 C = Kills by friends in this place as a percentage of kills by friends in the entire game.
 D = Other kills in this place as a percentage of other kills in the entire game.
 E = Experience gained in this place as a percentage of experience gained in the entire game.
 F = Experience gained in this place divided by the number of levels of this place that you have seen.
                   A       B       C       D       E      F
               +-------+-------+-------+-------+-------+----------------------
         Total | 100.0 | 100.0 |   N/A |   N/A | 100.0 |  16.0
       Dungeon | 100.0 | 100.0 |   N/A |   N/A | 100.0 |  16.0
               +-------+-------+-------+-------+-------+----------------------

Table legend: (Time is in decaauts)
 A = Elapsed time spent in this place.
 B = Non-inter-level travel time spent in this place.
 C = Inter-level travel time spent in this place.
 D = Time resting spent in this place.
 E = Time spent auto-exploring this place.
 F = Levels seen in this place.
 G = Mean time per level.
                   A        B        C        D        E       F      G
               +--------+--------+--------+--------+--------+-----+--------+
         Total |   1411 |   1355 |     56 |     11 |   1160 |   2 |  705.5 |
       Dungeon |   1411 |   1355 |     56 |     11 |   1160 |   2 |  705.5 |
               +--------+--------+--------+--------+--------+-----+--------+

Top non-repeatable levels by time:
     D:1: 1165 daAuts
     D:2: 246 daAuts
